| TOP OF THE 1ST |
|
Cleveland Spiders batting - Pitching for New York Yankees : LHP Brian Bohanon
|
|
Pitching: LHP Brian Bohanon
|
|
|
Batting: RHB Marquis Grissom
|
0-0: Called Strike 0-1: Ball 1-1: Called Strike 1-2: DOUBLE (Line Drive, 3D, EV 96.9 MPH)
|
|
Batting: RHB Rudy Pemberton
|
0-0: Ball 1-0: Called Strike 1-1: Ball 2-1: Fly out, F4 (Popup, 13, EV 78.8 MPH)
|
|
Batting: RHB Bernard Gilkey
|
0-0: Ball 1-0: Ball 2-0: Called Strike 2-1: Ball 3-1: Base on Balls
|
|
Batting: RHB Kevin Mitchell
|
0-0: Called Strike Marquis Grissom steals 3rd base Bernard Gilkey to second 0-1: Ball 1-1: Swinging Strike 1-2: Ground out 6-3 (Groundball, 6, EV 83.1 MPH) Marquis Grissom scores Bernard Gilkey to third
|
|
Batting: SHB Todd Hundley
|
0-0: Called Strike 0-1: Foul Ball, location: 2F 0-2: Ball 1-2: Ball 2-2: Foul Ball, location: 2F 2-2: Strikes out swinging
|
| Top of the 1st over - 1 run, 1 hit, 0 errors, 1 left on base; Cleveland 1 - New York 0 |
| BOTTOM OF THE 1ST |
|
New York Yankees batting - Pitching for Cleveland Spiders : LHP Juan Nieves
|
|
Pitching: LHP Juan Nieves
|
|
|
Batting: RHB Orlando Cabrera
|
0-0: Ball 1-0: DOUBLE (Line Drive, 8LD, EV 106.3 MPH)
|
|
Batting: LHB Bobby Abreu
|
0-0: Ball 1-0: Called Strike 1-1: Swinging Strike 1-2: Ball 2-2: Ground out 4-3 (Groundball, 34D, EV 108.1 MPH) Orlando Cabrera to third
|
|
Batting: RHB Mike Lieberthal
|
0-0: Ground out 4-3 (Groundball, 34, EV 80.0 MPH) Orlando Cabrera scores
|
|
Batting: RHB Kazuhiro Kiyohara
|
0-0: Ball 1-0: Called Strike 1-1: Ball 2-1: Ball 3-1: Ground out 1-3 (Groundball, 34S, EV 76.9 MPH)
|
| Bottom of the 1st over - 1 run, 1 hit, 0 errors, 0 left on base; Cleveland 1 - New York 1 |
| TOP OF THE 2ND |
|
Cleveland Spiders batting - Pitching for New York Yankees : LHP Brian Bohanon
|
|
Batting: LHB Garret Anderson
|
0-0: SINGLE (Flyball, 89M, EV 93.8 MPH)
|
|
Batting: LHB Raul Ibanez
|
0-0: Ball 1-0: Ball 2-0: Ball 3-0: Called Strike 3-1: Swinging Strike Passed Ball! Garret Anderson to second 3-2: Strikes out swinging
|
|
Batting: SHB Tomas Perez
|
0-0: Ball 1-0: Ball 2-0: Called Strike 2-1: Fly out, F7 (Flyball, 78S, EV 91.3 MPH)
|
|
Batting: RHB Billy Ripken
|
0-0: Ball Wild Pitch! Garret Anderson to third 1-0: Ball 2-0: Ball 3-0: Called Strike 3-1: Fly out, F8 (Line Drive, 8RM, EV 111.3 MPH)
|
| Top of the 2nd over - 0 runs, 1 hit, 0 errors, 1 left on base; Cleveland 1 - New York 1 |
| BOTTOM OF THE 2ND |
|
New York Yankees batting - Pitching for Cleveland Spiders : LHP Juan Nieves
|
|
Batting: RHB Travis Fryman
|
0-0: Swinging Strike 0-1: Ball 1-1: Ball 2-1: Foul Ball, location: 2F 2-2: SINGLE (Groundball, 5L, EV 88.8 MPH) (infield hit)
|
|
Batting: RHB Phil B. Clark
|
0-0: Ball 1-0: Fly out, F9 (Flyball, 9D, EV 85.6 MPH)
|
|
Batting: RHB Mike Gallego
|
0-0: SINGLE (Line Drive, 8RS, EV 102.5 MPH) Travis Fryman to second
|
|
Batting: SHB Quinton McCracken
|
0-0: Fielders Choice at 2nd, 3-6 (Groundball, 34, EV 87.5 MPH) Travis Fryman to third
|
|
Batting: RHB Darren Lewis
|
0-0: Called Strike 0-1: Foul Ball, location: 2F 0-2: Ball 1-2: Strikes out looking
|
| Bottom of the 2nd over - 0 runs, 2 hits, 0 errors, 2 left on base; Cleveland 1 - New York 1 |
| TOP OF THE 3RD |
|
Cleveland Spiders batting - Pitching for New York Yankees : LHP Brian Bohanon
|
|
Batting: RHB Marquis Grissom
|
0-0: Ball 1-0: Fly out, F7 (Line Drive, 7, EV 96.3 MPH)
|
|
Batting: RHB Rudy Pemberton
|
0-0: Called Strike 0-1: Ball 1-1: Ball 2-1: DOUBLE (Line Drive, 7LD, EV 98.8 MPH)
|
|
Batting: RHB Bernard Gilkey
|
0-0: Called Strike 0-1: Ball 1-1: SINGLE (Flyball, 8LS, EV 86.3 MPH) Rudy Pemberton to third Runner from 3rd tries for Home, SAFE, throw by CF to home
|
|
Batting: RHB Kevin Mitchell
|
0-0: Ball 1-0: Called Strike 1-1: Swinging Strike 1-2: Ball 2-2: Foul Ball, location: 2F 2-2: Ball Bernard Gilkey is caught stealing 2nd base 2-4 3-2: SINGLE (Groundball, 4MD, EV 106.3 MPH)
|
|
Batting: SHB Todd Hundley
|
0-0: Foul Ball, location: 2F 0-1: Fly out, F8 (Line Drive, 8LD, EV 96.3 MPH)
|
| Top of the 3rd over - 1 run, 3 hits, 0 errors, 1 left on base; Cleveland 2 - New York 1 |
| BOTTOM OF THE 3RD |
|
New York Yankees batting - Pitching for Cleveland Spiders : LHP Juan Nieves
|
|
Batting: RHB Orlando Cabrera
|
0-0: Called Strike 0-1: Ground out 5-3 (Groundball, 56, EV 85.6 MPH)
|
|
Batting: LHB Bobby Abreu
|
0-0: Ball 1-0: Foul Ball, location: 2F 1-1: Called Strike 1-2: Strikes out swinging
|
|
Batting: RHB Mike Lieberthal
|
0-0: Ball 1-0: Ball 2-0: Foul Ball, location: 2F 2-1: Ball 3-1: DOUBLE (Line Drive, 89XD, EV 106.9 MPH)
|
|
Batting: RHB Kazuhiro Kiyohara
|
0-0: Called Strike 0-1: Called Strike 0-2: Ball 1-2: Ball 2-2: Ball 3-2: Foul Ball, location: 2F 3-2: Strikes out swinging
|
| Bottom of the 3rd over - 0 runs, 1 hit, 0 errors, 1 left on base; Cleveland 2 - New York 1 |
| TOP OF THE 4TH |
|
Cleveland Spiders batting - Pitching for New York Yankees : LHP Brian Bohanon
|
|
Batting: LHB Garret Anderson
|
0-0: Ball 1-0: Called Strike 1-1: Ball 2-1: Foul Ball, location: 2F 2-2: Foul Ball, location: 2F 2-2: SINGLE (Flyball, 89M, EV 93.8 MPH)
|
|
Batting: LHB Raul Ibanez
|
Pickoff Throw to First - Error! E1 Garret Anderson to second 0-0: Called Strike 0-1: Swinging Strike 0-2: Foul Ball, location: 2F 0-2: Ball Wild Pitch! Garret Anderson to third 1-2: Strikes out looking
|
|
Batting: SHB Tomas Perez
|
0-0: Called Strike 0-1: Swinging Strike 0-2: Strikes out swinging
|
|
Batting: RHB Billy Ripken
|
0-0: Foul Ball, location: 2F 0-1: Ball 1-1: Ball 2-1: Ball 3-1: Base on Balls
|
|
Batting: RHB Marquis Grissom
|
0-0: Called Strike 0-1: Ball 1-1: Ball 2-1: Fielders Choice at 2nd, 5-4 (Groundball, 56, EV 108.1 MPH)
|
| Top of the 4th over - 0 runs, 1 hit, 1 error, 2 left on base; Cleveland 2 - New York 1 |
| BOTTOM OF THE 4TH |
|
New York Yankees batting - Pitching for Cleveland Spiders : LHP Juan Nieves
|
|
Batting: RHB Travis Fryman
|
0-0: Fly out, F8 (Flyball, 8LD, EV 86.3 MPH)
|
|
Batting: RHB Phil B. Clark
|
0-0: Ball 1-0: Called Strike 1-1: Called Strike 1-2: Ball 2-2: Foul Ball, location: 2F 2-2: Strikes out swinging
|
|
Batting: RHB Mike Gallego
|
0-0: Called Strike 0-1: Ball 1-1: Fly out, F9 (Flyball, 89D, EV 87.5 MPH)
|
| Bottom of the 4th over - 0 runs, 0 hits, 0 errors, 0 left on base; Cleveland 2 - New York 1 |
| TOP OF THE 5TH |
|
Cleveland Spiders batting - Pitching for New York Yankees : LHP Brian Bohanon
|
|
Batting: RHB Rudy Pemberton
|
0-0: Called Strike 0-1: Foul Ball, location: 2F 0-2: Foul Ball, location: 2F 0-2: Ball 1-2: Hit by Pitch
|
|
Batting: RHB Bernard Gilkey
|
0-0: Ball 1-0: Called Strike 1-1: Ball 2-1: Swinging Strike 2-2: Fly out, F7 (Flyball, 7S, EV 87.5 MPH)
|
|
Batting: RHB Kevin Mitchell
|
0-0: Ball 1-0: Foul Ball, location: 2F 1-1: Called Strike 1-2: Fly out, F8 (Line Drive, 8RD, EV 90.6 MPH)
|
|
Batting: SHB Todd Hundley
|
0-0: Ball 1-0: Foul Ball, location: 2F 1-1: Foul Ball, location: 2F 1-2: Strikes out swinging
|
| Top of the 5th over - 0 runs, 0 hits, 0 errors, 1 left on base; Cleveland 2 - New York 1 |
| BOTTOM OF THE 5TH |
|
New York Yankees batting - Pitching for Cleveland Spiders : LHP Juan Nieves
|
|
Batting: SHB Quinton McCracken
|
0-0: Called Strike 0-1: Ball 1-1: Foul Ball, location: 2F 1-2: Strikes out swinging
|
|
Batting: RHB Darren Lewis
|
0-0: Ground out 6-3 (Groundball, 56, EV 86.9 MPH)
|
|
Batting: RHB Orlando Cabrera
|
0-0: Ball 1-0: Called Strike 1-1: Ball 2-1: Ball 3-1: Swinging Strike 3-2: Foul Ball, location: 2F 3-2: Strikes out swinging
|
| Bottom of the 5th over - 0 runs, 0 hits, 0 errors, 0 left on base; Cleveland 2 - New York 1 |
| TOP OF THE 6TH |
|
Cleveland Spiders batting - Pitching for New York Yankees : LHP Brian Bohanon
|
|
Batting: LHB Garret Anderson
|
0-0: Ball 1-0: Ground out 4-3 (Groundball, 4, EV 98.8 MPH)
|
|
Batting: LHB Raul Ibanez
|
0-0: Called Strike 0-1: Ball 1-1: Called Strike 1-2: Ball 2-2: Foul Ball, location: 2F 2-2: Strikes out swinging
|
|
Batting: SHB Tomas Perez
|
0-0: SINGLE (Line Drive, 8RS, EV 89.4 MPH)
|
|
Batting: RHB Billy Ripken
|
0-0: Called Strike 0-1: Swinging Strike 0-2: Ball 1-2: Foul Ball, location: 2F 1-2: Strikes out swinging
|
| Top of the 6th over - 0 runs, 1 hit, 0 errors, 1 left on base; Cleveland 2 - New York 1 |
| BOTTOM OF THE 6TH |
|
New York Yankees batting - Pitching for Cleveland Spiders : LHP Juan Nieves
|
|
Batting: LHB Bobby Abreu
|
0-0: Called Strike 0-1: Called Strike 0-2: Ball 1-2: Ball 2-2: Strikes out swinging
|
|
Batting: RHB Mike Lieberthal
|
0-0: Ball 1-0: Ball 2-0: Called Strike 2-1: Bunt missed! 2-2: Ball 3-2: Foul Ball, location: 2F 3-2: Foul Ball, location: 2F 3-2: SINGLE (Groundball, 6MD, EV 95.6 MPH)
|
|
Batting: RHB Kazuhiro Kiyohara
|
0-0: Called Strike 0-1: SINGLE (Line Drive, 4D, EV 95.0 MPH) Mike Lieberthal to second Runner from 2nd tries for 3rd, SAFE, no throw by CF
|
|
Batting: RHB Travis Fryman
|
0-0: Swinging Strike 0-1: SINGLE (Groundball, 3, EV 101.9 MPH) (infield hit) Mike Lieberthal scores Kazuhiro Kiyohara to second
|
|
Batting: RHB Phil B. Clark
|
0-0: Ball 1-0: Ball 2-0: Grounds into double play, 1-6-3 (Groundball, 13S, EV 63.8 MPH)
|
| Bottom of the 6th over - 1 run, 3 hits, 0 errors, 1 left on base; Cleveland 2 - New York 2 |
| TOP OF THE 7TH |
|
Cleveland Spiders batting - Pitching for New York Yankees : LHP Brian Bohanon
|
|
Batting: RHB Marquis Grissom
|
0-0: Called Strike 0-1: Foul Ball, location: 2F 0-2: Foul Ball, location: 2F 0-2: Ball 1-2: Strikes out swinging
|
|
Batting: RHB Rudy Pemberton
|
0-0: Ball 1-0: Ball 2-0: Ball 3-0: Base on Balls
|
|
Pitching: LHP Bryan Eversgerd
|
|
|
Batting: RHB Bernard Gilkey
|
0-0: Called Strike 0-1: Ball 1-1: Called Strike 1-2: Ball 2-2: Foul Ball, location: 2F 2-2: SINGLE (Groundball, 56D, EV 98.1 MPH) Rudy Pemberton to second
|
|
Batting: RHB Kevin Mitchell
|
0-0: Ball 1-0: Called Strike 1-1: Ball 2-1: Fly out, F8 (Flyball, 8LD, EV 101.3 MPH) Runner from 2nd tags up, SAFE at 3rd with throw by CF
|
|
Batting: SHB Todd Hundley
|
0-0: Ball 1-0: Ball 2-0: Ball 3-0: Base on Balls Bernard Gilkey to second
|
|
Batting: LHB Garret Anderson
|
0-0: Ground out 1-3 (Groundball, P, EV 81.9 MPH)
|
| Top of the 7th over - 0 runs, 1 hit, 0 errors, 3 left on base; Cleveland 2 - New York 2 |
| BOTTOM OF THE 7TH |
|
New York Yankees batting - Pitching for Cleveland Spiders : LHP Juan Nieves
|
|
Batting: RHB Mike Gallego
|
0-0: Fly out, F9 (Flyball, 9, EV 95.0 MPH)
|
|
Batting: SHB Quinton McCracken
|
0-0: Ball 1-0: Foul Ball, location: 2F 1-1: SINGLE (Groundball, 6MD, EV 101.9 MPH)
|
|
Batting: RHB Darren Lewis
|
0-0: Ball 1-0: Ball Quinton McCracken steals 2nd base 2-0: Fly out, F7 (Flyball, 78XD, EV 94.4 MPH)
|
|
Batting: RHB Orlando Cabrera
|
0-0: Called Strike 0-1: Called Strike 0-2: Ball 1-2: Ground out 6-3 (Groundball, 6, EV 92.5 MPH)
|
| Bottom of the 7th over - 0 runs, 1 hit, 0 errors, 1 left on base; Cleveland 2 - New York 2 |
| TOP OF THE 8TH |
|
Cleveland Spiders batting - Pitching for New York Yankees : LHP Bryan Eversgerd
|
|
Pitching: RHP Jose Mesa
|
|
|
Batting: LHB Raul Ibanez
|
0-0: Ball 1-0: Foul Ball, location: 2F 1-1: Foul Ball, location: 2F 1-2: Strikes out swinging
|
|
Batting: SHB Tomas Perez
|
0-0: Fly out, F8 (Flyball, 8LS, EV 87.5 MPH)
|
|
Batting: RHB Billy Ripken
|
0-0: Called Strike 0-1: Ball 1-1: Fly out, F4 (Popup, 3S, EV 73.8 MPH)
|
| Top of the 8th over - 0 runs, 0 hits, 0 errors, 0 left on base; Cleveland 2 - New York 2 |
| BOTTOM OF THE 8TH |
|
New York Yankees batting - Pitching for Cleveland Spiders : LHP Juan Nieves
|
|
Batting: LHB Bobby Abreu
|
0-0: SINGLE (Groundball, 34D, EV 95.0 MPH)
|
|
Batting: RHB Mike Lieberthal
|
0-0: Ball 1-0: DOUBLE (Flyball, 8LXD, EV 99.4 MPH) Bobby Abreu to third
|
|
Batting: RHB Kazuhiro Kiyohara
|
0-0: Foul Ball, location: 2F 0-1: Swinging Strike 0-2: Foul Ball, location: 2F 0-2: Ball 1-2: SINGLE (Groundball, 56D, EV 100.0 MPH) Bobby Abreu scores Mike Lieberthal to third
|
|
Batting: RHB Travis Fryman
|
0-0: Ball 1-0: Ball 2-0: Called Strike 2-1: Swinging Strike 2-2: Fly out, F7 (Flyball, 7, EV 90.6 MPH) Runner from 3rd tags up, SCORES, throw by LF
|
|
Pitching: RHP Willie Banks
|
|
|
Batting: RHB Phil B. Clark
|
0-0: Ball 1-0: Reached on error, E5 (Groundball, 56, EV 81.3 MPH) Kazuhiro Kiyohara to second
|
|
Batting: RHB Mike Gallego
|
0-0: Foul Ball, location: 2F 0-1: Foul Ball, location: 2F 0-2: Ball 1-2: Foul Ball, location: 2F 1-2: Ball 2-2: Fly out, F7 (Flyball, 7LD, EV 96.9 MPH)
|
|
Batting: SHB Quinton McCracken
|
0-0: Ball 1-0: Ground out 4-3 (Groundball, 4, EV 85.6 MPH)
|
| Bottom of the 8th over - 2 runs, 3 hits, 1 error, 2 left on base; Cleveland 2 - New York 4 |
| TOP OF THE 9TH |
|
Cleveland Spiders batting - Pitching for New York Yankees : RHP Jose Mesa
|
|
Batting: RHB Marquis Grissom
|
0-0: Ball 1-0: Called Strike 1-1: Foul Ball, location: 2F 1-2: Strikes out swinging
|
|
Batting: RHB Rudy Pemberton
|
0-0: Swinging Strike 0-1: Foul Ball, location: 2F 0-2: Ball 1-2: Ball 2-2: Strikes out swinging
|
|
Batting: RHB Bernard Gilkey
|
0-0: Ball 1-0: Ball 2-0: Foul Ball, location: 2F 2-1: Fly out, F7 (Flyball, 7S, EV 86.9 MPH)
|
| Top of the 9th over - 0 runs, 0 hits, 0 errors, 0 left on base; Cleveland 2 - New York 4 |
|